 Dungeon Crawl Stone Soup version 0.21.0-25-ge575cb9 (webtiles) character file.

273 stupendous the Shield-Bearer (level 6, -1/49 HPs)
             Began as a Formicid Fighter on Jan 25, 2018.
             Slain by an ice beast (12 damage)
             ... on level 5 of the Dungeon.
             The game lasted 00:07:25 (3641 turns).

stupendous the Shield-Bearer (Formicid Fighter)     Turns: 3641, Time: 00:07:26

Health: -1/49      AC: 12    Str: 22    XL:     6   Next: 48%
Magic:  6/6        EV:  6    Int:  8    God:
Gold:   238        SH: 10    Dex: 12    Spells: 5/5 levels left

rFire    . . .     SeeInvis +   a - +0 long sword
rCold    . . .     Gourm    +   c - +0 shield
rNeg     . . .     Faith    .   k - +0 chain mail
rPois    .         Spirit   .   (helmet unavailable)
rElec    .         Reflect  .   (no cloak)
rCorr    .         Harm     .   x - +0 pair of gloves
MR       .....                  y - +0 pair of boots
Stlth    ..........             l - amulet of the gourmand
HPRegen  0.16/turn              s - +2 ring of strength
MPRegen  0.10/turn              (no ring)

@: no status effects
A: permanent stasis, dig shafts and tunnels, four strong arms, antennae 3
a: Dig, Shaft Self


You were on level 5 of the Dungeon.
You were full.

You visited 1 branch of the dungeon, and saw 5 of its levels.

You collected 238 gold pieces.

Inventory:

Hand Weapons
 a - a +0 long sword (weapon)
Armour
 b - a +0 scale mail
 c - a +0 shield (worn)
 k - a +0 chain mail (worn)
 x - a +0 pair of gloves (worn)
 y - a +0 pair of boots (worn)
Jewellery
 l - an amulet of the gourmand (around neck)
 s - a +2 ring of strength (left hand)
Scrolls
 g - 4 scrolls of identify {unknown}
 j - 2 scrolls of blinking {unknown}
 n - a scroll of teleportation {unknown}
 o - 2 scrolls of noise {unknown}
 q - a scroll of fear {unknown}
 r - a scroll of random uselessness {unknown}
 u - a scroll of immolation {unknown}
Potions
 d - 2 potions of might
 e - 2 potions of haste {unknown}
 h - 3 potions of heal wounds {unknown}
 i - a potion of flight {unknown}
 m - a potion of agility {unknown}
 p - a potion of lignification {unknown}
 t - 2 potions of invisibility {unknown}
 v - a potion of curing {unknown}
 w - a potion of cancellation {unknown}
Comestibles
 f - 12 rations


   Skills:
 + Level 4.7 Fighting
 + Level 3.5 Long Blades
 + Level 4.7 Armour
 + Level 5.1 Shields


You had 5 spell levels left.
You didn't know any spells.

Dungeon Overview and Level Annotations

Branches:
Dungeon (5/15)
 Temple: D:4-7

Altars:
Ru


Innate Abilities, Weirdness & Mutations

You cannot be hasted, slowed, berserked, paralysed or teleported.
You can dig through walls and to a lower floor.
Your four strong arms can wield two-handed weapons with a shield.
You have a pair of large antennae on your head. (SInv)


Message History

You slash the ice beast!
The ice beast is severely wounded.
The ice beast hits you. The ice beast freezes you!
You closely miss the ice beast.
The ice beast is severely wounded.
The ice beast hits you. The ice beast freezes you!
You hit the ice beast.
The ice beast is severely wounded.
The ice beast closely misses you.
You closely miss the ice beast.
The ice beast is severely wounded.
The ice beast hits you. The ice beast freezes you!
* * * LOW HITPOINT WARNING * * *
You are too injured to fight recklessly!
You closely miss the ice beast.
The ice beast is severely wounded.
The ice beast hits you.
* * * LOW HITPOINT WARNING * * *
The ice beast freezes you!
You die...

{ { ## # #.#.
####.# #. {#.#.
#.Y..# #.####.#.
#@# #####..[.#.#.
#.####.....#....#.
{
#.##...###.###..#.
#.##...'.#.#....#.
#.##...#.#.#รท#....
##'##...#.#...#.##.
#.......#....##....
#.......#........#.
#.......#........#.


You could see an ice beast.

Vanquished Creatures
  An orc wizard (D:3)
  2 bullfrog skeletons (D:4)
  Terence (D:3)
  A worker ant (D:4)
  4 adders
  6 worms
  3 dart slugs
  2 leopard geckos
  3 orcs (D:3)
  4 giant cockroaches
  9 goblins
  7 hobgoblins
  A quokka (D:2)
  A ball python (D:2)
  13 bats
  2 frilled lizards (D:2)
  11 kobolds
  14 rats
85 creatures vanquished.

Notes
Turn   | Place    | Note
-------+----------+-------------------------------------------
     0 | D:1      | stupendous the Formicid Fighter began the quest for the Orb.
     0 | D:1      | Reached XP level 1. HP: 18/18 MP: 1/1
   125 | D:1      | Reached XP level 2. HP: 7/24 MP: 2/2
   633 | D:1      | Reached XP level 3. HP: 28/29 MP: 3/3
   682 | D:1      | Reached skill level 4 in Shields
  1285 | D:2      | Reached XP level 4. HP: 37/37 MP: 4/4
  1882 | D:3      | Found a sacrificial altar of Ru.
  2017 | D:3      | Noticed Terence
  2029 | D:3      | Killed Terence
  2029 | D:3      | Reached XP level 5. HP: 25/42 MP: 5/5
  3029 | D:4      | Reached XP level 6. HP: 49/49 MP: 6/6
  3169 | D:4      | Reached skill level 5 in Shields
  3559 | D:5      | Entered Level 5 of the Dungeon
  3633 | D:5      | Noticed an ice beast
  3641 | D:5      | Slain by an ice beast

Skill      XL: |  1  2  3  4  5  6 |
---------------+-------------------+-----
Shields        | 4 5 |  5.1
Fighting       | 4 |  4.7
Armour         | 4 |  4.7
Long Blades    | 3 |  3.5

Action                   |  1- 3 |  4- 6 || total
-------------------------+-------+-------++-------
Melee: Long sword        |   160 |   181 ||   341
  Eat: Chunk             |    15 |     5 ||    20
Armor: Scale mail        |    30 |       ||    30
       Chain mail        |    46 |    84 ||   130
Dodge: Dodged            |    34 |    41 ||    75
Block: Shield            |    86 |    94 ||   180
       Rpst.: Long sword |    12 |    18 ||    30
